 Dungeon Crawl Stone Soup version 0.24-a0-57-gac335f2 (webtiles) character file.

Game seed: 6592664117553401125

37 galech the Skirmisher (level 3, 0/29 HPs)
             Began as a Demonspawn Fighter on Feb 4, 2019.
             Slain by an adder (2 damage)
             ... on level 2 of the Dungeon.
             The game lasted 00:00:54 (983 turns).

galech the Skirmisher (Demonspawn Fighter)           Turns: 983, Time: 00:00:55

Health: 0/29       AC: 10    Str: 16    XL:     3   Next: 23%
Magic:  0/3        EV:  4    Int:  9    God:
Gold:   80         SH:  8    Dex: 13    Spells: 2/2 levels left

rFire    + . .     SeeInvis .   a - +0 war axe
rCold    x . .     Gourm    .   c - +0 shield
rNeg     . . .     Faith    .   l - +0 chain mail
rPois    .         Spirit   +   (no helmet)
rElec    .         Reflect  .   (no cloak)
rCorr    .         Harm     .   (no gloves)
MR       .....                  i - +0 pair of boots
Stlth    ..........             (no amulet)
HPRegen  0.09/turn              n - ring of fire
MPRegen  0.08/turn              (no ring)

@: lethally poisoned (0 -> -6)
A: magic shield
a: no special abilities


You were on level 2 of the Dungeon.
You were not hungry.

You visited 1 branch of the dungeon, and saw 2 of its levels.

You collected 80 gold pieces.

Inventory:

Hand Weapons
 a - a +0 war axe (weapon)
Armour
 c - a +0 shield (worn)
 i - a +0 pair of boots (worn)
 l - a +0 chain mail (worn)
Jewellery
 n - a ring of fire (left hand)
Wands
 b - a wand of iceblast (6)
Scrolls
 j - 4 scrolls of identify {unknown}
 k - a scroll of remove curse {unknown}
 m - a scroll of teleportation {unknown}
Potions
 d - a potion of might
 e - a potion of cancellation {unknown}
 h - a potion of curing {unknown}
Comestibles
 f - 4 rations
 g - 5 chunks of flesh


   Skills:
 + Level 3.6 Fighting
 + Level 2.2 Axes
 + Level 3.0 Armour
 + Level 0.1 Stealth
 + Level 2.9 Shields


You had 2 spell levels left.
You didn't know any spells.
Your spell library was empty.

Dungeon Overview and Level Annotations

Branches:
Dungeon (2/15)

Altars:


Innate Abilities, Weirdness & Mutations

When hurt, damage is shared between your health and your magic reserves.


Message History

You feel sick. The adder bites you but does no damage.
Your shield and chain mail prevent you from hitting the adder.
The adder is severely wounded.
* * * LOW HITPOINT WARNING * * *
You feel sick. The adder bites you.
* * * LOW HITPOINT WARNING * * *
The adder bites you but does no damage.
Your shield and chain mail prevent you from hitting the adder.
The adder is severely wounded.
* * * LOW HITPOINT WARNING * * *
You feel sick. You block the adder's attack.
The adder bites you but does no damage.
You miss the adder.
The adder is severely wounded.
* * * LOW HITPOINT WARNING * * *
You feel sick. You block the adder's attack. x2
You miss the adder.
The adder is severely wounded.
The adder bites you.
You die...

#. #.# ##<.... #.
#.# #.###.# #####.
#.# #.# #..
......###.#
#.###.#
.........##
##...##
####..#...# ##.##
###...#.# #.#
#....##.# #.#
#@##.#..######.###
#.S##[..##........
##...##......#.###
..#.##.#...#.# .##
.. #..รท#.###
.#...###........
.... #).###.## ###
#..# .# #..# ^#


You could see an adder.

Vanquished Creatures
  An adder (D:2)
  An ooze (D:1)
  A dart slug (D:2)
  A leopard gecko (D:1)
  A ball python (D:2)
  A giant cockroach (D:1)
  5 hobgoblins
  2 bats
  3 goblins
  A kobold (D:2)
  5 rats (D:1)
22 creatures vanquished.

Notes
Turn   | Place    | Note
-------+----------+-------------------------------------------
     0 | D:1      | galech the Demonspawn Fighter began the quest for the Orb.
     0 | D:1      | Reached XP level 1. HP: 18/18 MP: 1/1
    70 | D:1      | Gained mutation: When hurt, damage is shared between your
                  | health and your magic reserves. [demonic ancestry]
    70 | D:1      | Reached XP level 2. HP: 19/24 MP: 2/2
   842 | D:2      | Reached XP level 3. HP: 21/29 MP: 3/3
   982 | D:2      | HP: 1/29 [poisoned by an adder]
   983 | D:2      | Slain by an adder

Vault maps used:
D:1:      lightli_arrival_windingriver, minmay_ruptured
D:2:      palyth_stone_intersect, minmay_tetromino_s4, uniq_terence

Skill      XL: |  1  2 |
---------------+-------+-----
Axes           | 2 |  2.2
Armour         | 3 |  3.0
Fighting       | |  3.6
Stealth        | |  0.1
Shields        | |  2.9

Action                   || total
-------------------------++-------
Melee: War axe           ||    76
Armor: Scale mail        ||    27
       Chain mail        ||    23
Dodge: Dodged            ||    26
Block: Shield            ||    34

Table legend:
 A = Non-vault XP
 B = Vault XP
 C = Vault XP percentage of total XP
 D = Non-vault monster count
 E = Vault monster count
 F = Vault count percentage of total count
                 A         B        C        D         E       F
            +---------+---------+-------+---------+---------+-------
      Total |      41 |      13 |  24.1 |      18 |       4 |  18.2
            +---------+---------+-------+---------+---------+-------
        D:1 |      12 |      13 |  52.0 |       9 |       4 |  30.8
        D:2 |      29 |       0 |   0.0 |       9 |       0 |   0.0
            +---------+---------+-------+---------+---------+-------
